Workbook
Name _16_неделя_2021: #REF!
Name a: #REF!
Name ALVPRX: #REF!
Name ALVPRX: #REF!
Name ALVPRX: #REF!
Name art: #REF!
Name art: #REF!
Name art: #REF!
Name ast: #REF!
Name astkl: #REF!
Name astsk: #REF!
Name astsklad: #REF!
Name bron: #REF!
Name can: #REF!
Name can: #REF!
Name can: #REF!
Name canada: #REF!
Name cher: #REF!
Name cher: #REF!
Name cher: #REF!
Name cheras: #REF!
Name chercher: #REF!
Name cherhug: #REF!
Name cherp: #REF!
Name cherr: #REF!
Name chertab: #REF!
Name chertab: #REF!
Name chertab: #REF!
Name CHUR: #REF!
Name COMPALV: #REF!
Name COMPALV: #REF!
Name COMPALV: #REF!
Name dost: #REF!
Name dost: #REF!
Name dost: #REF!
Name Excel_BuiltIn_Print_Area_2: #REF!
Name Excel_BuiltIn_Print_Area_2: #REF!
Name Excel_BuiltIn_Print_Area_2: #REF!
Name Excel_BuiltIn_Print_Area_2_1: #REF!
Name Excel_BuiltIn_Print_Area_2_1: #REF!
Name Excel_BuiltIn_Print_Area_2_1: #REF!
Name Excel_BuiltIn_Print_Area_2_1_1: #REF!
Name Excel_BuiltIn_Print_Area_2_1_1: #REF!
Name Excel_BuiltIn_Print_Area_2_1_1: #REF!
Name fff: #REF!
Name fff: #REF!
Name fff: #REF!
Name ffive: #REF!
Name ffive: #REF!
Name ffive: #REF!
Name fin: #REF!
Name fin: #REF!
Name fin: #NAME?
Name final: #REF!
Name final: #REF!
Name final: #NAME?
Name five: #REF!
Name five: #REF!
Name five: #REF!
Name ger: #REF!

Sheet 2026
A1: 46311
M2: ПИОНЫ с ОКС - ОСЕНЬ 2026 | V2: Подпишитесь на наш телеграм-канал, чтобы всегда быть в курсе последних новостей, предложений и акций:
V3: https://t.me/plantmarket_russia
M6: Перед оформлением заказа, пожалуйста, ознакомьтесь с условиями работы и подтвердите своё согласие с ними:
L7: >>> Условия работы <<<
N8: с условиями работы ознакомлен и принимаю их | O8: нет
F10: Адрес склада: Владимирская область, Киржачский район, пос. Знаменское | T10: 102.7693 | V10: Курс ЦБ РФ+9 ₽
F11: Производство: Европа, Россия | T11: не выбрано | V11: ← Выберите период отгрузки
F12: Приём заказов до 13.11.2026 | T12: =SUM(S38:S458) -> 0 | V12: Количество корней
F13: Выдача заказов: 46-48 нед. (с 9 ноября 2026), 7 нед. (08-14 февраля 2027) с зим. хранением, 11 нед. (08-14 марта 2027) с зим. хранением | T13: =ROUNDUP(SUM(T38:T458),0) -> 0 | V13: Количество ящиков (ориентировочное)
T14: =SUMIF(D35:D458,"евро",U35:U458) -> 0 | V14: Сумма заказа Нидерланды
F15: Общий минимальный заказ на корни: 500 €. При заказе корней от 350-499 € действует торговая надбавка 15% | T15: =SUMIF(D35:D458,"руб",U35:U458) -> 0 | V15: Сумма заказа Россия
F16: Кратность заказа на сорт: 5 шт (на некоторые сорта возможен заказ 1 / 3 шт на сорт) | T16: =IF(T14+T15/T10>=5000,"-5%",IF(T14+T15/T10>=3000,"-4%",IF(T14+T15/T10>=2000,"-3%",IF(T14+T15/T10>=1500,"-2%",IF(T14+T15/T10>=1000,"-1%",IF(AND(T14+T15/T10<500,T14+T15/T10>0),"+15%",0)))))) -> 0 | V16: Скидка/надбавка за объем
F17: Вместимость в ящик может измениться. В случае изменений, заказ повторно согласуется с покупателем. | T17: =IF(T11="7 неделя 2027 (08.02-14.02) с зимним хранением",ROUNDUP(T13,0)*13*3.5,IF(T11="11 неделя 2027 (09.03-14.03) с зимним хранением",ROUNDUP(T13,0)*13*4.5,0)) -> 0 | V17: Хранение
T18: =T14+T14*T16 -> 0 | V18: Сумма за растения со скидкой Нидерланды
F19: Предоплата 100% | T19: =T15+T15*T16 -> 0 | V19: Сумма за растения со скидкой Россия
F20: Оплата производится в рублях по курсу = ЦБ РФ+9 ₽ на момент зачисления денежных средств на наш р/сч | T20: =T18+T19/T10+T17 -> 0 | V20: Общая сумма заказа (евро)
T21: =T19+T18*T10+T17*T10 -> 0 | V21: Общая сумма заказа (руб)
F22: Система скидок: при заказе растений более 1000 € - 1%, 1500 € - 2%, 2000 € - 3%, 3000 € - 4%, 5000 € - 5%
F23: Упаковка: пластиковый ящик 60x40x30(25) - бесплатно | T23: =IF(COUNTIF(AF35:AF575,"Ошибка!")>0,"Пожалуйста, проверьте заказ на соблюдение кратности!","")
F24: Доставка до ближайшего к нашему складу терминала ТК: ПЭК, ЖелДорЭкспедиция, Вера-1 - бесплатно
F25: Новинка! На каждые 5 шт корней в заказе прилагается цветная этикетка/стикер с колышком - бесплатно (при заказе до 07.09.26, далее при свободном наличии доп. материалов)
F26: Доступна услуга зимнего хранения пионов.
F27: Гарантия сохранности пионов, в случае если на момент отгрузки корней, температурный режим в вашем регионе не будет подходить для посадки
E29: АКЦИЯ! C 07.10 по 19.10 на 9 позиций пионов действуют спец. цены на новый заказ или дозаказ по ним. Успейте!
E31: Дорогие партнеры, мы делаем всё возможное, чтобы как можно лучше обеспечить вас качественным посадочным материалом. И хотим честно вас предупредить, что при сильном изменении ситуации на рынке и в мире, которые могут повлечь за собой удорожание стоимости Транспортной перевозки и/или КДП, мы оставляем за собой право пересмотреть цены и условия по настоящему предложению в любое время до момента передачи вам товара.
E34: 👍 - лучшая цена!; ★ - топ продаж; 🆕- новинка предложения | L34: ИТО - ИТО-гибрид; МГ - Межвидовый гибрид; МЦв - Молочноцветковый | W34: Справочная информация по сорту
B35: *** | C35: Артикул | D35: Соглашение | E35: Палитра оттенков | F35: Вид | G35: Cорт | H35: Столбец1 | I35: Размер (глазков) | J35: Вместимость в ящик шт. | K35: Производство | L35: Цена при заказе от ящика | M35: Цена при заказе от 15 шт до ящика | N35: Цена при заказе 10 шт | O35: Цена при заказе 5 шт | P35: Акционная цена | Q35: Кратность заказа | R35: Доступно к заказу, шт | S35: Заказ корней, шт. ↓ | T35: Ящиков (рассчетно) | U35: Сумма | V35: Подтверждение | W35: Тип цветка | X35: Высота | Y35: Диаметр цветка | Z35: Аромат | AA35: Применение в срезке | AB35: Селекция | AC35: Особенность сорта
F36: Жемчужная коллекция (белые, кремовые оттенки)
F37: Сорта раннего срока цветения
C38: 87-110-0094 | D38: евро | F38: МГ | G38: Colonel Owen Cousins | I38: 2-3 | J38: 60 | K38: EU | L38: 26.12 | M38: 26.6 | N38: 27.37 | O38: 28.46 | Q38: 5 | R38: >100 | T38: =IF(S38/J38=0,"-",S38/J38) -> - | U38: =IF(S38<10,O38*S38,IF(S38<15,N38*S38,IF(S38<J38,M38*S38,L38*S38))) -> 0 | V38: в теч. 3-х дней после внесения аванса | W38: махровый бомбовидный | X38: 70-90 | Y38: 15-20 | Z38: 🎶 | AB38: 1972, Канада, Cousins L. | AC38: Призер в общем зачете на выставке CNB Dutch Peony Awards 2026 | AD38: =IF(MOD(Таблица33[[#This Row],[Заказ корней, шт. ↓]],Таблица33[[#This Row],[Кратность заказа]])>0,"Ошибка!","")
C39: 87-77-1419 | D39: евро | F39: МГ | G39: Colonel Owen Cousins | I39: 2-3 | J39: 50 | K39: EU | L39: 26.12 | M39: 26.6 | N39: 27.37 | O39: 28.46 | Q39: 5 | T39: =IF(S39/J39=0,"-",S39/J39) -> - | U39: =IF(S39<10,O39*S39,IF(S39<15,N39*S39,IF(S39<J39,M39*S39,L39*S39))) -> 0 | V39: приём заказов приостановлен | W39: махровый бомбовидный | X39: 70-90 | Y39: 15-20 | Z39: 🎶 | AB39: 1972, Канада, Cousins L. | AC39: Призер в общем зачете на выставке CNB Dutch Peony Awards 2026 | AD39: =IF(MOD(Таблица33[[#This Row],[Заказ корней, шт. ↓]],Таблица33[[#This Row],[Кратность заказа]])>0,"Ошибка!","")
C40: 87-110-0459 | D40: евро | F40: МГ | G40: Colonel Owen Cousins | H40: 🆕 | I40: 5-8 | J40: 20 | K40: EU | L40: 58.06 | M40: 58.62 | N40: 59.19 | O40: 60.96 | Q40: 1 | T40: =IF(S40/J40=0,"-",S40/J40) -> - | U40: =IF(S40<10,O40*S40,IF(S40<15,N40*S40,IF(S40<J40,M40*S40,L40*S40))) -> 0 | V40: приём заказов приостановлен | W40: махровый бомбовидный | X40: 70-90 | Y40: 15-20 | Z40: 🎶 | AB40: 1972, Канада, Cousins L. | AC40: Призер в общем зачете на выставке CNB Dutch Peony Awards 2026 | AD40: =IF(MOD(Таблица33[[#This Row],[Заказ корней, шт. ↓]],Таблица33[[#This Row],[Кратность заказа]])>0,"Ошибка!","")
C41: 87-110-0481 | D41: евро | F41: МГ | G41: Grand Massive | I41: 3-5 | J41: 35 | K41: EU | L41: 74.82 | M41: 75.54 | N41: 76.28 | O41: 78.56 | Q41: 1 | T41: =IF(S41/J41=0,"-",S41/J41) -> - | U41: =IF(S41<10,O41*S41,IF(S41<15,N41*S41,IF(S41<J41,M41*S41,L41*S41))) -> 0 | V41: приём заказов приостановлен | W41: махровый | AD41: =IF(MOD(Таблица33[[#This Row],[Заказ корней, шт. ↓]],Таблица33[[#This Row],[Кратность заказа]])>0,"Ошибка!","")
C42: 46-38-15710 | D42: руб | F42: МЦв | G42: Lancaster Imp | I42: 3-5 | J42: 40 | K42: RUS | L42: 578 | M42: 594 | N42: 605 | O42: 647 | Q42: 5 | T42: =IF(S42/J42=0,"-",S42/J42) -> - | U42: =IF(S42<10,O42*S42,IF(S42<15,N42*S42,IF(S42<J42,M42*S42,L42*S42))) -> 0 | V42: приём заказов приостановлен | AD42: =IF(MOD(Таблица33[[#This Row],[Заказ корней, шт. ↓]],Таблица33[[#This Row],[Кратность заказа]])>0,"Ошибка!","")
C43: 87-77-1635 | D43: евро | F43: МЦв | G43: Miss America | H43: ★ | I43: 2-3 | J43: 50 | K43: EU | L43: 5.62 | M43: 5.78 | N43: 5.88 | O43: 6.29 | Q43: 5 | T43: =IF(S43/J43=0,"-",S43/J43) -> - | U43: =IF(S43<10,O43*S43,IF(S43<15,N43*S43,IF(S43<J43,M43*S43,L43*S43))) -> 0 | V43: приём заказов приостановлен | W43: полумахровый | X43: 80 | Y43: 25 | Z43: ♪ | AA43: ✂ | AB43: 1936, J. R. Mann / J. J. van Steen, США | AC43: Медалист Американского общества пионов (APS США): 1956 и 1971 годы | AD43: =IF(MOD(Таблица33[[#This Row],[Заказ корней, шт. ↓]],Таблица33[[#This Row],[Кратность заказа]])>0,"Ошибка!","")
C44: 87-110-0179 | D44: евро | F44: МЦв | G44: Miss America | H44: ★ | I44: 3-5 | J44: 35 | K44: EU | L44: 7.84 | M44: 8.05 | N44: 8.2 | O44: 8.77 | Q44: 5 | R44: >50 | T44: =IF(S44/J44=0,"-",S44/J44) -> - | U44: =IF(S44<10,O44*S44,IF(S44<15,N44*S44,IF(S44<J44,M44*S44,L44*S44))) -> 0 | V44: в теч. 3-х дней после внесения аванса | W44: полумахровый | X44: 80 | Y44: 25 | Z44: ♪ | AA44: ✂ | AB44: 1936, J. R. Mann / J. J. van Steen, США | AC44: Медалист Американского общества пионов (APS США): 1956 и 1971 годы | AD44: =IF(MOD(Таблица33[[#This Row],[Заказ корней, шт. ↓]],Таблица33[[#This Row],[Кратность заказа]])>0,"Ошибка!","")
C45: 87-77-1636 | D45: евро | F45: МЦв | G45: Miss America | H45: ★ | I45: 3-5 | J45: 50 | K45: EU | L45: 7.84 | M45: 8.05 | N45: 8.2 | O45: 8.77 | Q45: 5 | T45: =IF(S45/J45=0,"-",S45/J45) -> - | U45: =IF(S45<10,O45*S45,IF(S45<15,N45*S45,IF(S45<J45,M45*S45,L45*S45))) -> 0 | V45: приём заказов приостановлен | W45: полумахровый | X45: 80 | Y45: 25 | Z45: ♪ | AA45: ✂ | AB45: 1936, J. R. Mann / J. J. van Steen, США | AC45: Медалист Американского общества пионов (APS США): 1956 и 1971 годы | AD45: =IF(MOD(Таблица33[[#This Row],[Заказ корней, шт. ↓]],Таблица33[[#This Row],[Кратность заказа]])>0,"Ошибка!","")
C46: 87-110-0471 | D46: евро | F46: МЦв | G46: Miss America | H46: ★ | I46: 5-8 | J46: 20 | K46: EU | L46: 12.21 | M46: 12.55 | N46: 12.78 | O46: 13.67 | Q46: 5 | R46: 5 | T46: =IF(S46/J46=0,"-",S46/J46) -> - | U46: =IF(S46<10,O46*S46,IF(S46<15,N46*S46,IF(S46<J46,M46*S46,L46*S46))) -> 0 | V46: в теч. 3-х дней после внесения аванса | W46: полумахровый | X46: 80 | Y46: 25 | Z46: ♪ | AA46: ✂ | AB46: 1936, J. R. Mann / J. J. van Steen, США | AC46: Медалист Американского общества пионов (APS США): 1956 и 1971 годы | AD46: =IF(MOD(Таблица33[[#This Row],[Заказ корней, шт. ↓]],Таблица33[[#This Row],[Кратность заказа]])>0,"Ошибка!","")
F47: Сорта среднего срока цветения
C48: 87-110-0428 | D48: евро | F48: МЦв | G48: Amalia Olson | I48: 2-3 | J48: 60 | K48: EU | L48: 9.18 | M48: 9.44 | N48: 9.61 | O48: 10.28 | Q48: 5 | T48: =IF(S48/J48=0,"-",S48/J48) -> - | U48: =IF(S48<10,O48*S48,IF(S48<15,N48*S48,IF(S48<J48,M48*S48,L48*S48))) -> 0 | V48: приём заказов приостановлен | W48: махровый | X48: 80 | Y48: 20 | Z48: ♪ | AB48: 1959, Olson, C. / Nelson, США / Нидерланды | AC48: Золотой медалист выставки Американского общества пионов (APS США) , 2011 г. | AD48: =IF(MOD(Таблица33[[#This Row],[Заказ корней, шт. ↓]],Таблица33[[#This Row],[Кратность заказа]])>0,"Ошибка!","")
C49: 87-77-1320 | D49: евро | F49: МЦв | G49: Amalia Olson | I49: 2-3 | J49: 50 | K49: EU | L49: 9.18 | M49: 9.44 | N49: 9.61 | O49: 10.28 | Q49: 5 | T49: =IF(S49/J49=0,"-",S49/J49) -> - | U49: =IF(S49<10,O49*S49,IF(S49<15,N49*S49,IF(S49<J49,M49*S49,L49*S49))) -> 0 | V49: приём заказов приостановлен | W49: махровый | X49: 80 | Y49: 20 | Z49: ♪ | AB49: 1959, Olson, C. / Nelson, США / Нидерланды | AC49: Золотой медалист выставки Американского общества пионов (APS США) , 2011 г. | AD49: =IF(MOD(Таблица33[[#This Row],[Заказ корней, шт. ↓]],Таблица33[[#This Row],[Кратность заказа]])>0,"Ошибка!","")
C50: 87-107-0150 | D50: евро | F50: МЦв | G50: Bowl of Cream | I50: 3-5 | J50: 50 | K50: EU | L50: 11.47 | M50: 11.78 | N50: 12 | O50: 12.84 | Q50: 5 | T50: =IF(S50/J50=0,"-",S50/J50) -> - | U50: =IF(S50<10,O50*S50,IF(S50<15,N50*S50,IF(S50<J50,M50*S50,L50*S50))) -> 0 | V50: приём заказов приостановлен | W50: розовидный | X50: 85 | Y50: 20-25 | Z50: ♪ | AC50: Призер на выставке CNB Dutch Peony Awards 1981. Эталон «пионовидной» (bomb) формы | AD50: =IF(MOD(Таблица33[[#This Row],[Заказ корней, шт. ↓]],Таблица33[[#This Row],[Кратность заказа]])>0,"Ошибка!","")
C51: 87-110-0110 | D51: евро | F51: МЦв | G51: Bowl of Cream | I51: 3-5 | J51: 35 | K51: EU | L51: 11.47 | M51: 11.78 | N51: 12 | O51: 12.84 | Q51: 5 | T51: =IF(S51/J51=0,"-",S51/J51) -> - | U51: =IF(S51<10,O51*S51,IF(S51<15,N51*S51,IF(S51<J51,M51*S51,L51*S51))) -> 0 | V51: приём заказов приостановлен | W51: розовидный | X51: 85 | Y51: 20-25 | Z51: ♪ | AC51: Призер на выставке CNB Dutch Peony Awards 1981. Эталон «пионовидной» (bomb) формы | AD51: =IF(MOD(Таблица33[[#This Row],[Заказ корней, шт. ↓]],Таблица33[[#This Row],[Кратность заказа]])>0,"Ошибка!","")
C52: 87-110-0015 | D52: евро | F52: МЦв | G52: Brother Chuck | I52: 2-3 | J52: 60 | K52: EU | L52: 9.05 | M52: 9.3 | N52: 9.47 | O52: 10.13 | Q52: 5 | T52: =IF(S52/J52=0,"-",S52/J52) -> - | U52: =IF(S52<10,O52*S52,IF(S52<15,N52*S52,IF(S52<J52,M52*S52,L52*S52))) -> 0 | V52: приём заказов приостановлен | W52: махровый бомбовидный | X52: 80-90 | Y52: 17 | Z52: ♪ | AB52: 1995, Klehm, США | AC52: Окраска цветка зависит от погоды | AD52: =IF(MOD(Таблица33[[#This Row],[Заказ корней, шт. ↓]],Таблица33[[#This Row],[Кратность заказа]])>0,"Ошибка!","")
C53: 87-77-1381 | D53: евро | F53: МЦв | G53: Brother Chuck | I53: 2-3 | J53: 50 | K53: EU | L53: 9.05 | M53: 9.3 | N53: 9.47 | O53: 10.13 | Q53: 5 | T53: =IF(S53/J53=0,"-",S53/J53) -> - | U53: =IF(S53<10,O53*S53,IF(S53<15,N53*S53,IF(S53<J53,M53*S53,L53*S53))) -> 0 | V53: приём заказов приостановлен | W53: махровый бомбовидный | X53: 80-90 | Y53: 17 | Z53: ♪ | AB53: 1995, Klehm, США | AC53: Окраска цветка зависит от погоды | AD53: =IF(MOD(Таблица33[[#This Row],[Заказ корней, шт. ↓]],Таблица33[[#This Row],[Кратность заказа]])>0,"Ошибка!","")
C54: 87-77-1382 | D54: евро | F54: МЦв | G54: Brother Chuck | I54: 3-5 | J54: 50 | K54: EU | L54: 12.28 | M54: 12.62 | N54: 12.86 | O54: 13.75 | Q54: 5 | T54: =IF(S54/J54=0,"-",S54/J54) -> - | U54: =IF(S54<10,O54*S54,IF(S54<15,N54*S54,IF(S54<J54,M54*S54,L54*S54))) -> 0 | V54: приём заказов приостановлен | W54: махровый бомбовидный | X54: 80-90 | Y54: 17 | Z54: ♪ | AB54: 1995, Klehm, США | AC54: Окраска цветка зависит от погоды | AD54: =IF(MOD(Таблица33[[#This Row],[Заказ корней, шт. ↓]],Таблица33[[#This Row],[Кратность заказа]])>0,"Ошибка!","")
C55: 87-110-0329 | D55: евро | F55: МЦв | G55: Brother Chuck | H55: 🆕 | I55: 5-8 | J55: 20 | K55: EU | L55: 21.49 | M55: 21.89 | N55: 22.52 | O55: 23.42 | Q55: 5 | T55: =IF(S55/J55=0,"-",S55/J55) -> - | U55: =IF(S55<10,O55*S55,IF(S55<15,N55*S55,IF(S55<J55,M55*S55,L55*S55))) -> 0 | V55: приём заказов приостановлен | W55: махровый бомбовидный | X55: 80-90 | Y55: 17 | Z55: ♪ | AB55: 1995, Klehm, США | AC55: Окраска цветка зависит от погоды | AD55: =IF(MOD(Таблица33[[#This Row],[Заказ корней, шт. ↓]],Таблица33[[#This Row],[Кратность заказа]])>0,"Ошибка!","")
C56: 87-110-0113 | D56: евро | F56: МЦв | G56: Bridal Shower | I56: 3-5 | J56: 35 | K56: EU | L56: 12.11 | M56: 12.45 | N56: 12.68 | O56: 13.56 | Q56: 5 | T56: =IF(S56/J56=0,"-",S56/J56) -> - | U56: =IF(S56<10,O56*S56,IF(S56<15,N56*S56,IF(S56<J56,M56*S56,L56*S56))) -> 0 | V56: приём заказов приостановлен | W56: махровый | X56: 80-90 | Y56: 15-18 | Z56: ♪ | AA56: ✂ | AC56: Король срезки с очень прочными стеблями | AD56: =IF(MOD(Таблица33[[#This Row],[Заказ корней, шт. ↓]],Таблица33[[#This Row],[Кратность заказа]])>0,"Ошибка!","")
C57: 87-52-0220 | D57: евро | F57: МЦв | G57: Bridal Shower | I57: 3-5 | J57: 40 | K57: EU | L57: 12.11 | M57: 12.45 | N57: 12.68 | O57: 13.56 | Q57: 5 | T57: =IF(S57/J57=0,"-",S57/J57) -> - | U57: =IF(S57<10,O57*S57,IF(S57<15,N57*S57,IF(S57<J57,M57*S57,L57*S57))) -> 0 | V57: приём заказов приостановлен | W57: махровый | X57: 80-90 | Y57: 15-18 | Z57: ♪ | AA57: ✂ | AC57: Король срезки с очень прочными стеблями | AD57: =IF(MOD(Таблица33[[#This Row],[Заказ корней, шт. ↓]],Таблица33[[#This Row],[Кратность заказа]])>0,"Ошибка!","")
C58: 87-107-0340 | D58: евро | F58: МЦв | G58: Class Act | I58: 3-5 | J58: 50 | K58: EU | L58: 9.18 | M58: 9.44 | N58: 9.61 | O58: 10.28 | Q58: 5 | T58: =IF(S58/J58=0,"-",S58/J58) -> - | U58: =IF(S58<10,O58*S58,IF(S58<15,N58*S58,IF(S58<J58,M58*S58,L58*S58))) -> 0 | V58: приём заказов приостановлен | W58: махровый розовидный | X58: 80-90 | Y58: 15-20 | Z58: ♪ | AA58: ✂ | AB58: 1991, Klehm, США | AC58: «Кремовый сюрприз»-бутоны имеют необычный бежевый, кремовый или даже «шампанский» оттенок | AD58: =IF(MOD(Таблица33[[#This Row],[Заказ корней, шт. ↓]],Таблица33[[#This Row],[Кратность заказа]])>0,"Ошибка!","")
C59: 87-110-0128 | D59: евро | F59: МЦв | G59: Class Act | I59: 3-5 | J59: 35 | K59: EU | L59: 9.18 | M59: 9.44 | N59: 9.61 | O59: 10.28 | Q59: 5 | R59: >100 | T59: =IF(S59/J59=0,"-",S59/J59) -> - | U59: =IF(S59<10,O59*S59,IF(S59<15,N59*S59,IF(S59<J59,M59*S59,L59*S59))) -> 0 | V59: в теч. 3-х дней после внесения аванса | W59: махровый розовидный | X59: 80-90 | Y59: 15-20 | Z59: ♪ | AA59: ✂ | AB59: 1991, Klehm, США | AC59: «Кремовый сюрприз»-бутоны имеют необычный бежевый, кремовый или даже «шампанский» оттенок | AD59: =IF(MOD(Таблица33[[#This Row],[Заказ корней, шт. ↓]],Таблица33[[#This Row],[Кратность заказа]])>0,"Ошибка!","")
C60: 87-77-1416 | D60: евро | F60: МЦв | G60: Class Act | I60: 3-5 | J60: 50 | K60: EU | L60: 9.18 | M60: 9.44 | N60: 9.61 | O60: 10.28 | Q60: 5 | R60: >100 | T60: =IF(S60/J60=0,"-",S60/J60) -> - | U60: =IF(S60<10,O60*S60,IF(S60<15,N60*S60,IF(S60<J60,M60*S60,L60*S60))) -> 0 | V60: в теч. 3-х дней после внесения аванса | W60: махровый розовидный | X60: 80-90 | Y60: 15-20 | Z60: ♪ | AA60: ✂ | AB60: 1991, Klehm, США | AC60: «Кремовый сюрприз»-бутоны имеют необычный бежевый, кремовый или даже «шампанский» оттенок | AD60: =IF(MOD(Таблица33[[#This Row],[Заказ корней, шт. ↓]],Таблица33[[#This Row],[Кратность заказа]])>0,"Ошибка!","")
C61: 87-110-0468 | D61: евро | F61: МЦв | G61: Class Act | H61: 🆕 | I61: 5-8 | J61: 20 | K61: EU | L61: 16.99 | M61: 17.45 | N61: 17.78 | O61: 19.02 | Q61: 5 | R61: 5 | T61: =IF(S61/J61=0,"-",S61/J61) -> - | U61: =IF(S61<10,O61*S61,IF(S61<15,N61*S61,IF(S61<J61,M61*S61,L61*S61))) -> 0 | V61: в теч. 3-х дней после внесения аванса | W61: махровый розовидный | X61: 80-90 | Y61: 15-20 | Z61: ♪ | AA61: ✂ | AB61: 1991, Klehm, США | AC61: «Кремовый сюрприз»-бутоны имеют необычный бежевый, кремовый или даже «шампанский» оттенок | AD61: =IF(MOD(Таблица33[[#This Row],[Заказ корней, шт. ↓]],Таблица33[[#This Row],[Кратность заказа]])>0,"Ошибка!","")
C62: 87-107-0177 | D62: евро | F62: МЦв | G62: Duchesse de Nemours | H62: 👍★ | I62: 2-3 | J62: 75 | K62: EU | L62: 3.89 | M62: 4 | N62: 4.07 | O62: 4.35 | Q62: 5 | T62: =IF(S62/J62=0,"-",S62/J62) -> - | U62: =IF(S62<10,O62*S62,IF(S62<15,N62*S62,IF(S62<J62,M62*S62,L62*S62))) -> 0 | V62: приём заказов приостановлен | W62: махровый | X62: 100 | Y62: 15-18 | Z62: 🎶 | AA62: ✂ | AB62: 1856, Jacques Calot, Франция | AC62: Золотой медалист выставки Американского общества пионов (APS США) , 1956 г. | AD62: =IF(MOD(Таблица33[[#This Row],[Заказ корней, шт. ↓]],Таблица33[[#This Row],[Кратность заказа]])>0,"Ошибка!","")
C63: 46-38-14543 | D63: руб | F63: МЦв | G63: Duchesse de Nemours | H63: 👍★ | I63: 2-3 | J63: 60 | K63: RUS | L63: 335 | M63: 345 | N63: 351 | O63: 375 | Q63: 5 | T63: =IF(S63/J63=0,"-",S63/J63) -> - | U63: =IF(S63<10,O63*S63,IF(S63<15,N63*S63,IF(S63<J63,M63*S63,L63*S63))) -> 0 | V63: приём заказов приостановлен | W63: махровый | X63: 100 | Y63: 15-18 | Z63: 🎶 | AA63: ✂ | AB63: 1856, Jacques Calot, Франция | AC63: Золотой медалист выставки Американского общества пионов (APS США) , 1956 г. | AD63: =IF(MOD(Таблица33[[#This Row],[Заказ корней, шт. ↓]],Таблица33[[#This Row],[Кратность заказа]])>0,"Ошибка!","")
C64: 87-107-0177/з | D64: руб | F64: МЦв | G64: Duchesse de Nemours | H64: 👍★ | I64: 2-3 | J64: 75 | K64: RUS | L64: 335 | M64: 345 | N64: 351 | O64: 375 | Q64: 5 | T64: =IF(S64/J64=0,"-",S64/J64) -> - | U64: =IF(S64<10,O64*S64,IF(S64<15,N64*S64,IF(S64<J64,M64*S64,L64*S64))) -> 0 | V64: приём заказов приостановлен | W64: махровый | X64: 100 | Y64: 15-18 | Z64: 🎶 | AA64: ✂ | AB64: 1856, Jacques Calot, Франция | AC64: Золотой медалист выставки Американского общества пионов (APS США) , 1956 г. | AD64: =IF(MOD(Таблица33[[#This Row],[Заказ корней, шт. ↓]],Таблица33[[#This Row],[Кратность заказа]])>0,"Ошибка!","")
C65: 87-107-0178 | D65: евро | F65: МЦв | G65: Duchesse de Nemours | H65: 👍★ | I65: 3-5 | J65: 50 | K65: EU | L65: 5.13 | M65: 5.27 | N65: 5.37 | O65: 5.74 | Q65: 5 | T65: =IF(S65/J65=0,"-",S65/J65) -> - | U65: =IF(S65<10,O65*S65,IF(S65<15,N65*S65,IF(S65<J65,M65*S65,L65*S65))) -> 0 | V65: приём заказов приостановлен | W65: махровый | X65: 100 | Y65: 15-18 | Z65: 🎶 | AA65: ✂ | AB65: 1856, Jacques Calot, Франция | AC65: Золотой медалист выставки Американского общества пионов (APS США) , 1956 г. | AD65: =IF(MOD(Таблица33[[#This Row],[Заказ корней, шт. ↓]],Таблица33[[#This Row],[Кратность заказа]])>0,"Ошибка!","")
C66: 87-110-0141 | D66: евро | F66: МЦв | G66: Duchesse de Nemours | H66: 👍★ | I66: 3-5 | J66: 35 | K66: EU | L66: 5.13 | M66: 5.27 | N66: 5.37 | O66: 5.74 | Q66: 5 | T66: =IF(S66/J66=0,"-",S66/J66) -> - | U66: =IF(S66<10,O66*S66,IF(S66<15,N66*S66,IF(S66<J66,M66*S66,L66*S66))) -> 0 | V66: приём заказов приостановлен | W66: махровый | X66: 100 | Y66: 15-18 | Z66: 🎶 | AA66: ✂ | AB66: 1856, Jacques Calot, Франция | AC66: Золотой медалист выставки Американского общества пионов (APS США) , 1956 г. | AD66: =IF(MOD(Таблица33[[#This Row],[Заказ корней, шт. ↓]],Таблица33[[#This Row],[Кратность заказа]])>0,"Ошибка!","")
C67: 87-110-0337 | D67: евро | F67: МЦв | G67: Duchesse de Nemours | H67: 👍★ | I67: 5-8 | J67: 20 | K67: EU | L67: 10.04 | M67: 10.32 | N67: 10.51 | O67: 11.24 | Q67: 5 | T67: =IF(S67/J67=0,"-",S67/J67) -> - | U67: =IF(S67<10,O67*S67,IF(S67<15,N67*S67,IF(S67<J67,M67*S67,L67*S67))) -> 0 | V67: приём заказов приостановлен | W67: махровый | X67: 100 | Y67: 15-18 | Z67: 🎶 | AA67: ✂ | AB67: 1856, Jacques Calot, Франция | AC67: Золотой медалист выставки Американского общества пионов (APS США) , 1956 г. | AD67: =IF(MOD(Таблица33[[#This Row],[Заказ корней, шт. ↓]],Таблица33[[#This Row],[Кратность заказа]])>0,"Ошибка!","")
C68: 87-107-0193 | D68: евро | F68: МЦв | G68: Festiva Maxima | I68: 3-5 | J68: 50 | K68: EU | L68: 6.97 | M68: 7.16 | N68: 7.29 | O68: 7.8 | Q68: 5 | T68: =IF(S68/J68=0,"-",S68/J68) -> - | U68: =IF(S68<10,O68*S68,IF(S68<15,N68*S68,IF(S68<J68,M68*S68,L68*S68))) -> 0 | V68: приём заказов приостановлен | W68: махровый розовидный | X68: 90 | Y68: 15-20 | Z68: 🎶 | AA68: ✂ | AB68: 1851, Mieller, Франция | AC68: Крепкие стебли не разваливаются под тяжестью цветов | AD68: =IF(MOD(Таблица33[[#This Row],[Заказ корней, шт. ↓]],Таблица33[[#This Row],[Кратность заказа]])>0,"Ошибка!","")
C69: 87-110-0392 | D69: евро | F69: МЦв | G69: Festiva Maxima | I69: 3-5 | J69: 35 | K69: EU | L69: 6.97 | M69: 7.16 | N69: 7.29 | O69: 7.8 | Q69: 5 | T69: =IF(S69/J69=0,"-",S69/J69) -> - | U69: =IF(S69<10,O69*S69,IF(S69<15,N69*S69,IF(S69<J69,M69*S69,L69*S69))) -> 0 | V69: приём заказов приостановлен | W69: махровый розовидный | X69: 90 | Y69: 15-20 | Z69: 🎶 | AA69: ✂ | AB69: 1851, Mieller, Франция | AC69: Крепкие стебли не разваливаются под тяжестью цветов | AD69: =IF(MOD(Таблица33[[#This Row],[Заказ корней, шт. ↓]],Таблица33[[#This Row],[Кратность заказа]])>0,"Ошибка!","")
C70: 87-77-1492 | D70: евро | F70: МЦв | G70: Festiva Maxima | I70: 3-5 | J70: 50 | K70: EU | L70: 6.97 | M70: 7.16 | N70: 7.29 | O70: 7.8 | Q70: 5 | T70: =IF(S70/J70=0,"-",S70/J70) -> - | U70: =IF(S70<10,O70*S70,IF(S70<15,N70*S70,IF(S70<J70,M70*S70,L70*S70))) -> 0 | V70: приём заказов приостановлен | W70: махровый розовидный | X70: 90 | Y70: 15-20 | Z70: 🎶 | AA70: ✂ | AB70: 1851, Mieller, Франция | AC70: Крепкие стебли не разваливаются под тяжестью цветов | AD70: =IF(MOD(Таблица33[[#This Row],[Заказ корней, шт. ↓]],Таблица33[[#This Row],[Кратность заказа]])>0,"Ошибка!","")
C71: 87-77-1507 | D71: евро | F71: МЦв | G71: Gardenia | I71: 3-5 | J71: 50 | K71: EU | L71: 6.17 | M71: 6.34 | N71: 6.46 | O71: 6.91 | Q71: 5 | T71: =IF(S71/J71=0,"-",S71/J71) -> - | U71: =IF(S71<10,O71*S71,IF(S71<15,N71*S71,IF(S71<J71,M71*S71,L71*S71))) -> 0 | V71: приём заказов приостановлен | W71: розовидный – полушаровидный | X71: 75 | Y71: 20-25 | Z71: 🎶 | AA71: ✂ | AB71: 1955, США, Lins E. | AC71: Золотой медалист Американского общества пионов (APS США) 1962г. | AD71: =IF(MOD(Таблица33[[#This Row],[Заказ корней, шт. ↓]],Таблица33[[#This Row],[Кратность заказа]])>0,"Ошибка!","")
C72: 87-110-0162 | D72: евро | F72: МЦв | G72: Ivory Victory | I72: 3-5 | J72: 35 | K72: EU | L72: 12.35 | M72: 12.69 | N72: 12.93 | O72: 13.83 | Q72: 5 | R72: >100 | T72: =IF(S72/J72=0,"-",S72/J72) -> - | U72: =IF(S72<10,O72*S72,IF(S72<15,N72*S72,IF(S72<J72,M72*S72,L72*S72))) -> 0 | V72: в теч. 3-х дней после внесения аванса | W72: махровый | X72: 70 | Y72: 12-15 | Z72: 🎶 | AC72: Входит в коллекцию Чикагского ботанического сада | AD72: =IF(MOD(Таблица33[[#This Row],[Заказ корней, шт. ↓]],Таблица33[[#This Row],[Кратность заказа]])>0,"Ошибка!","")
C73: 87-107-0126 | D73: евро | F73: МЦв | G73: Krinkled White | I73: 3-5 | J73: 50 | K73: EU | L73: 6.13 | M73: 6.3 | N73: 6.42 | O73: 6.86 | Q73: 5 | T73: =IF(S73/J73=0,"-",S73/J73) -> - | U73: =IF(S73<10,O73*S73,IF(S73<15,N73*S73,IF(S73<J73,M73*S73,L73*S73))) -> 0 | V73: приём заказов приостановлен | W73: простой | X73: 80-90 | Y73: 15-18 | Z73: 🎶 | AA73: ✂ | AB73: 1928, Archie Mack Brand, США | AC73: Гафрированная текстура лепестка с рваным краем | AD73: =IF(MOD(Таблица33[[#This Row],[Заказ корней, шт. ↓]],Таблица33[[#This Row],[Кратность заказа]])>0,"Ошибка!","")
C74: 87-110-0174 | D74: евро | F74: МЦв | G74: Madame Claude Tain | I74: 3-5 | J74: 35 | K74: EU | L74: 11.57 | M74: 11.89 | N74: 12.11 | O74: 12.95 | Q74: 5 | T74: =IF(S74/J74=0,"-",S74/J74) -> - | U74: =IF(S74<10,O74*S74,IF(S74<15,N74*S74,IF(S74<J74,M74*S74,L74*S74))) -> 0 | V74: приём заказов приостановлен | W74: махровый | X74: 85 | Y74: 14-18 | Z74: 🎶 | AA74: ✂ | AB74: 1927, France, Doriat & Son & Debatene | AC74: Антибактериальная активность против золотистого стафилококка | AD74: =IF(MOD(Таблица33[[#This Row],[Заказ корней, шт. ↓]],Таблица33[[#This Row],[Кратность заказа]])>0,"Ошибка!","")
C75: 87-77-1608 | D75: евро | F75: МЦв | G75: Madame Claude Tain | I75: 3-5 | J75: 50 | K75: EU | L75: 11.57 | M75: 11.89 | N75: 12.11 | O75: 12.95 | Q75: 5 | R75: 10 | T75: =IF(S75/J75=0,"-",S75/J75) -> - | U75: =IF(S75<10,O75*S75,IF(S75<15,N75*S75,IF(S75<J75,M75*S75,L75*S75))) -> 0 | V75: в теч. 3-х дней после внесения аванса | W75: махровый | X75: 85 | Y75: 14-18 | Z75: 🎶 | AA75: ✂ | AB75: 1927, France, Doriat & Son & Debatene | AC75: Антибактериальная активность против золотистого стафилококка | AD75: =IF(MOD(Таблица33[[#This Row],[Заказ корней, шт. ↓]],Таблица33[[#This Row],[Кратность заказа]])>0,"Ошибка!","")
C76: 46-38-15698 | D76: руб | F76: МЦв | G76: Madame Claude Tain | I76: 3-5 | J76: 40 | K76: RUS | L76: 999 | M76: 1026 | N76: 1045 | O76: 1118 | Q76: 5 | T76: =IF(S76/J76=0,"-",S76/J76) -> - | U76: =IF(S76<10,O76*S76,IF(S76<15,N76*S76,IF(S76<J76,M76*S76,L76*S76))) -> 0 | V76: приём заказов приостановлен | W76: махровый | X76: 85 | Y76: 14-18 | Z76: 🎶 | AA76: ✂ | AB76: 1927, France, Doriat & Son & Debatene | AC76: Антибактериальная активность против золотистого стафилококка | AD76: =IF(MOD(Таблица33[[#This Row],[Заказ корней, шт. ↓]],Таблица33[[#This Row],[Кратность заказа]])>0,"Ошибка!","")
C77: 87-110-0174/з | D77: руб | F77: МЦв | G77: Madame Claude Tain | I77: 3-5 | J77: 35 | K77: RUS | L77: 999 | M77: 1026 | N77: 1045 | O77: 1118 | Q77: 5 | T77: =IF(S77/J77=0,"-",S77/J77) -> - | U77: =IF(S77<10,O77*S77,IF(S77<15,N77*S77,IF(S77<J77,M77*S77,L77*S77))) -> 0 | V77: приём заказов приостановлен | W77: махровый | X77: 85 | Y77: 14-18 | Z77: 🎶 | AA77: ✂ | AB77: 1927, France, Doriat & Son & Debatene | AC77: Антибактериальная активность против золотистого стафилококка | AD77: =IF(MOD(Таблица33[[#This Row],[Заказ корней, шт. ↓]],Таблица33[[#This Row],[Кратность заказа]])>0,"Ошибка!","")
C78: 87-77-1656 | D78: евро | F78: МЦв | G78: Moonstone | I78: 3-5 | J78: 50 | K78: EU | L78: 16.8 | M78: 17.26 | N78: 17.58 | O78: 18.81 | Q78: 5 | T78: =IF(S78/J78=0,"-",S78/J78) -> - | U78: =IF(S78<10,O78*S78,IF(S78<15,N78*S78,IF(S78<J78,M78*S78,L78*S78))) -> 0 | V78: приём заказов приостановлен | W78: махровый | X78: 60-90 | Y78: 10-12 | Z78: ♪ | AC78: Бордовая листва весной | AD78: =IF(MOD(Таблица33[[#This Row],[Заказ корней, шт. ↓]],Таблица33[[#This Row],[Кратность заказа]])>0,"Ошибка!","")
C79: 87-110-0583 | D79: евро | F79: МЦв | G79: Moonstone | I79: 3-5 | J79: 35 | K79: EU | L79: 16.8 | M79: 17.26 | N79: 17.58 | O79: 18.81 | Q79: 5 | T79: =IF(S79/J79=0,"-",S79/J79) -> - | U79: =IF(S79<10,O79*S79,IF(S79<15,N79*S79,IF(S79<J79,M79*S79,L79*S79))) -> 0 | V79: приём заказов приостановлен | W79: махровый | X79: 60-90 | Y79: 10-12 | Z79: ♪ | AC79: Бордовая листва весной | AD79: =IF(MOD(Таблица33[[#This Row],[Заказ корней, шт. ↓]],Таблица33[[#This Row],[Кратность заказа]])>0,"Ошибка!","")
C80: 87-110-0429 | D80: евро | F80: МЦв | G80: Snow Princess | I80: 2-3 | J80: 60 | K80: EU | L80: 11.17 | M80: 11.48 | N80: 11.7 | O80: 12.51 | Q80: 5 | T80: =IF(S80/J80=0,"-",S80/J80) -> - | U80: =IF(S80<10,O80*S80,IF(S80<15,N80*S80,IF(S80<J80,M80*S80,L80*S80))) -> 0 | V80: приём заказов приостановлен | W80: махровый | X80: 80 | Y80: 12-15 | Z80: ♪ | AA80: ✂ | AC80: Снежно-белый оттенок, очень яркий белый | AD80: =IF(MOD(Таблица33[[#This Row],[Заказ корней, шт. ↓]],Таблица33[[#This Row],[Кратность заказа]])>0,"Ошибка!","")
C81: 87-52-0557 | D81: евро | F81: МЦв | G81: Snow Princess | I81: 2-3 | J81: 75 | K81: EU | L81: 11.17 | M81: 11.48 | N81: 11.7 | O81: 12.51 | Q81: 5 | T81: =IF(S81/J81=0,"-",S81/J81) -> - | U81: =IF(S81<10,O81*S81,IF(S81<15,N81*S81,IF(S81<J81,M81*S81,L81*S81))) -> 0 | V81: приём заказов приостановлен | W81: махровый | X81: 80 | Y81: 12-15 | Z81: ♪ | AA81: ✂ | AC81: Снежно-белый оттенок, очень яркий белый | AD81: =IF(MOD(Таблица33[[#This Row],[Заказ корней, шт. ↓]],Таблица33[[#This Row],[Кратность заказа]])>0,"Ошибка!","")
F82: Сорта позднего срока цветения
C83: 87-110-0526 | D83: евро | F83: МЦв | G83: Ann Cousins | I83: 3-5 | J83: 35 | K83: EU | L83: 15.43 | M83: 15.86 | N83: 16.15 | O83: 17.28 | Q83: 5 | R83: 9 | T83: =IF(S83/J83=0,"-",S83/J83) -> - | U83: =IF(S83<10,O83*S83,IF(S83<15,N83*S83,IF(S83<J83,M83*S83,L83*S83))) -> 0 | V83: в теч. 3-х дней после внесения аванса | W83: махровый | AD83: =IF(MOD(Таблица33[[#This Row],[Заказ корней, шт. ↓]],Таблица33[[#This Row],[Кратность заказа]])>0,"Ошибка!","")
C84: 87-110-0120 | D84: евро | F84: МЦв | G84: Carl G. Klehm | I84: 3-5 | J84: 35 | K84: EU | L84: 23.61 | M84: 24.05 | N84: 24.75 | O84: 25.73 | Q84: 5 | R84: 25 | T84: =IF(S84/J84=0,"-",S84/J84) -> - | U84: =IF(S84<10,O84*S84,IF(S84<15,N84*S84,IF(S84<J84,M84*S84,L84*S84))) -> 0 | V84: в теч. 3-х дней после внесения аванса | W84: махровый | AD84: =IF(MOD(Таблица33[[#This Row],[Заказ корней, шт. ↓]],Таблица33[[#This Row],[Кратность заказа]])>0,"Ошибка!","")
C85: 87-107-0338 | D85: евро | F85: МЦв | G85: Couronne d'Or | I85: 3-5 | J85: 50 | K85: EU | L85: 8.67 | M85: 8.91 | N85: 9.08 | O85: 9.71 | Q85: 5 | T85: =IF(S85/J85=0,"-",S85/J85) -> - | U85: =IF(S85<10,O85*S85,IF(S85<15,N85*S85,IF(S85<J85,M85*S85,L85*S85))) -> 0 | V85: приём заказов приостановлен | W85: махровый розовидный | X85: 80-90 | Y85: 15-18 | Z85: ♪ | AB85: 1873, Calot, Франция | AC85: «Золотая корона» — кольцо желтых тычинок | AD85: =IF(MOD(Таблица33[[#This Row],[Заказ корней, шт. ↓]],Таблица33[[#This Row],[Кратность заказа]])>0,"Ошибка!","")
C86: 87-107-0183 | D86: евро | F86: МЦв | G86: Elsa Sass | I86: 2-3 | J86: 75 | K86: EU | L86: 6.25 | M86: 6.42 | N86: 6.54 | O86: 6.99 | Q86: 5 | T86: =IF(S86/J86=0,"-",S86/J86) -> - | U86: =IF(S86<10,O86*S86,IF(S86<15,N86*S86,IF(S86<J86,M86*S86,L86*S86))) -> 0 | V86: приём заказов приостановлен | W86: махровый розовидный | X86: 75 | Y86: 15-18 | Z86: 🎶 | AA86: ✂ | AB86: 1930, Hans P. Sass, США | AC86: Медалист Американского общества пионов (APS США): 1956 и 1971 годы | AD86: =IF(MOD(Таблица33[[#This Row],[Заказ корней, шт. ↓]],Таблица33[[#This Row],[Кратность заказа]])>0,"Ошибка!","")
C87: 87-110-0035 | D87: евро | F87: МЦв | G87: Elsa Sass | H87: АКЦИЯ! | I87: 2-3 | J87: 60 | K87: EU | L87: 6.25 | M87: 6.42 | N87: 6.54 | O87: 6.99 | P87: =VLOOKUP(Таблица33[[#This Row],[Артикул ]],[1]акция!$A:$R,18,0) -> 5.88 | Q87: 5 | R87: >100 | T87: =IF(S87/J87=0,"-",S87/J87) -> - | U87: =Таблица33[[#This Row],[Акционная цена]]*Таблица33[[#This Row],[Заказ корней, шт. ↓]] -> 0 | V87: в теч. 3-х дней после внесения аванса | W87: махровый розовидный | X87: 75 | Y87: 15-18 | Z87: 🎶 | AA87: ✂ | AB87: 1930, Hans P. Sass, США | AC87: Медалист Американского общества пионов (APS США): 1956 и 1971 годы | AD87: =IF(MOD(Таблица33[[#This Row],[Заказ корней, шт. ↓]],Таблица33[[#This Row],[Кратность заказа]])>0,"Ошибка!","")
C88: 87-77-1474 | D88: евро | F88: МЦв | G88: Elsa Sass | I88: 3-5 | J88: 50 | K88: EU | L88: 8.68 | M88: 8.92 | N88: 9.09 | O88: 9.72 | Q88: 5 | R88: 20 | T88: =IF(S88/J88=0,"-",S88/J88) -> - | U88: =IF(S88<10,O88*S88,IF(S88<15,N88*S88,IF(S88<J88,M88*S88,L88*S88))) -> 0 | V88: в теч. 3-х дней после внесения аванса | W88: махровый розовидный | X88: 75 | Y88: 15-18 | Z88: 🎶 | AA88: ✂ | AB88: 1930, Hans P. Sass, США | AC88: Медалист Американского общества пионов (APS США): 1956 и 1971 годы | AD88: =IF(MOD(Таблица33[[#This Row],[Заказ корней, шт. ↓]],Таблица33[[#This Row],[Кратность заказа]])>0,"Ошибка!","")
C89: 87-107-0184 | D89: евро | F89: МЦв | G89: Elsa Sass | I89: 3-5 | J89: 50 | K89: EU | L89: 8.68 | M89: 8.92 | N89: 9.09 | O89: 9.72 | Q89: 5 | T89: =IF(S89/J89=0,"-",S89/J89) -> - | U89: =IF(S89<10,O89*S89,IF(S89<15,N89*S89,IF(S89<J89,M89*S89,L89*S89))) -> 0 | V89: приём заказов приостановлен | W89: махровый розовидный | X89: 75 | Y89: 15-18 | Z89: 🎶 | AA89: ✂ | AB89: 1930, Hans P. Sass, США | AC89: Медалист Американского общества пионов (APS США): 1956 и 1971 годы | AD89: =IF(MOD(Таблица33[[#This Row],[Заказ корней, шт. ↓]],Таблица33[[#This Row],[Кратность заказа]])>0,"Ошибка!","")
C90: 87-52-0244 | D90: евро | F90: МЦв | G90: Elsa Sass | I90: 3-5 | J90: 40 | K90: EU | L90: 8.68 | M90: 8.92 | N90: 9.09 | O90: 9.72 | Q90: 5 | T90: =IF(S90/J90=0,"-",S90/J90) -> - | U90: =IF(S90<10,O90*S90,IF(S90<15,N90*S90,IF(S90<J90,M90*S90,L90*S90))) -> 0 | V90: приём заказов приостановлен | W90: махровый розовидный | X90: 75 | Y90: 15-18 | Z90: 🎶 | AA90: ✂ | AB90: 1930, Hans P. Sass, США | AC90: Медалист Американского общества пионов (APS США): 1956 и 1971 годы | AD90: =IF(MOD(Таблица33[[#This Row],[Заказ корней, шт. ↓]],Таблица33[[#This Row],[Кратность заказа]])>0,"Ошибка!","")
C91: 87-110-0462 | D91: евро | F91: МЦв | G91: Elsa Sass | H91: 🆕 | I91: 5-8 | J91: 20 | K91: EU | L91: 14.54 | M91: 14.94 | N91: 15.22 | O91: 16.28 | Q91: 5 | R91: >50 | T91: =IF(S91/J91=0,"-",S91/J91) -> - | U91: =IF(S91<10,O91*S91,IF(S91<15,N91*S91,IF(S91<J91,M91*S91,L91*S91))) -> 0 | V91: в теч. 3-х дней после внесения аванса | W91: махровый розовидный | X91: 75 | Y91: 15-18 | Z91: 🎶 | AA91: ✂ | AB91: 1930, Hans P. Sass, США | AC91: Медалист Американского общества пионов (APS США): 1956 и 1971 годы | AD91: =IF(MOD(Таблица33[[#This Row],[Заказ корней, шт. ↓]],Таблица33[[#This Row],[Кратность заказа]])>0,"Ошибка!","")
C92: 87-107-0339 | D92: евро | F92: МЦв | G92: Henry Sass | I92: 3-5 | J92: 50 | K92: EU | L92: 10 | M92: 10.27 | N92: 10.46 | O92: 11.19 | Q92: 5 | T92: =IF(S92/J92=0,"-",S92/J92) -> - | U92: =IF(S92<10,O92*S92,IF(S92<15,N92*S92,IF(S92<J92,M92*S92,L92*S92))) -> 0 | V92: приём заказов приостановлен | W92: махровый корончатый | X92: 90 | Y92: 17 | Z92: 🎶 | AB92: 1948, Sass, США | AC92: Крапчато-красныные стебли | AD92: =IF(MOD(Таблица33[[#This Row],[Заказ корней, шт. ↓]],Таблица33[[#This Row],[Кратность заказа]])>0,"Ошибка!","")
C93: 87-110-0158 | D93: евро | F93: МЦв | G93: Henry Sass | I93: 3-5 | J93: 35 | K93: EU | L93: 10 | M93: 10.27 | N93: 10.46 | O93: 11.19 | Q93: 5 | T93: =IF(S93/J93=0,"-",S93/J93) -> - | U93: =IF(S93<10,O93*S93,IF(S93<15,N93*S93,IF(S93<J93,M93*S93,L93*S93))) -> 0 | V93: приём заказов приостановлен | W93: махровый корончатый | X93: 90 | Y93: 17 | Z93: 🎶 | AB93: 1948, Sass, США | AC93: Крапчато-красныные стебли | AD93: =IF(MOD(Таблица33[[#This Row],[Заказ корней, шт. ↓]],Таблица33[[#This Row],[Кратность заказа]])>0,"Ошибка!","")
C94: 87-77-1530 | D94: евро | F94: МЦв | G94: Henry Sass | I94: 3-5 | J94: 50 | K94: EU | L94: 10 | M94: 10.27 | N94: 10.46 | O94: 11.19 | Q94: 5 | T94: =IF(S94/J94=0,"-",S94/J94) -> - | U94: =IF(S94<10,O94*S94,IF(S94<15,N94*S94,IF(S94<J94,M94*S94,L94*S94))) -> 0 | V94: приём заказов приостановлен | W94: махровый корончатый | X94: 90 | Y94: 17 | Z94: 🎶 | AB94: 1948, Sass, США | AC94: Крапчато-красныные стебли | AD94: =IF(MOD(Таблица33[[#This Row],[Заказ корней, шт. ↓]],Таблица33[[#This Row],[Кратность заказа]])>0,"Ошибка!","")
C95: 87-77-1547 | D95: евро | F95: МЦв | G95: Jan van Leeuwen | I95: 3-5 | J95: 50 | K95: EU | L95: 8.59 | M95: 8.83 | N95: 9 | O95: 9.62 | Q95: 5 | T95: =IF(S95/J95=0,"-",S95/J95) -> - | U95: =IF(S95<10,O95*S95,IF(S95<15,N95*S95,IF(S95<J95,M95*S95,L95*S95))) -> 0 | V95: приём заказов приостановлен | W95: простой | X95: 80-90 | Y95: 12-15 | Z95: ♪ | AC95: Обладатель премии lassic RHS Award of Garden Merit. | AD95: =IF(MOD(Таблица33[[#This Row],[Заказ корней, шт. ↓]],Таблица33[[#This Row],[Кратность заказа]])>0,"Ошибка!","")
C96: 87-52-0118 | D96: евро | F96: МЦв | G96: Mary E Nicholls | I96: 2-3 | J96: 75 | K96: EU | L96: 7.68 | M96: 7.89 | N96: 8.04 | O96: 8.6 | Q96: 5 | R96: 5 | T96: =IF(S96/J96=0,"-",S96/J96) -> - | U96: =IF(S96<10,O96*S96,IF(S96<15,N96*S96,IF(S96<J96,M96*S96,L96*S96))) -> 0 | V96: в теч. 3-х дней после внесения аванса | W96: розовидный | X96: 75 | Y96: 20 | Z96: ♪ | AB96: 1944, Nichols | AC96: Цветок диаметром 20 см, оттенок белый, чуть кремово-розоватый | AD96: =IF(MOD(Таблица33[[#This Row],[Заказ корней, шт. ↓]],Таблица33[[#This Row],[Кратность заказа]])>0,"Ошибка!","")
C97: 87-107-0343 | D97: евро | F97: МЦв | G97: Mary E Nicholls | I97: 3-5 | J97: 50 | K97: EU | L97: 10.57 | M97: 10.86 | N97: 11.06 | O97: 11.83 | Q97: 5 | T97: =IF(S97/J97=0,"-",S97/J97) -> - | U97: =IF(S97<10,O97*S97,IF(S97<15,N97*S97,IF(S97<J97,M97*S97,L97*S97))) -> 0 | V97: приём заказов приостановлен | W97: розовидный | X97: 75 | Y97: 20 | Z97: ♪ | AB97: 1944, Nichols | AC97: Цветок диаметром 20 см, оттенок белый, чуть кремово-розоватый | AD97: =IF(MOD(Таблица33[[#This Row],[Заказ корней, шт. ↓]],Таблица33[[#This Row],[Кратность заказа]])>0,"Ошибка!","")
C98: 87-110-0177 | D98: евро | F98: МЦв | G98: Mary E Nicholls | I98: 3-5 | J98: 35 | K98: EU | L98: 10.57 | M98: 10.86 | N98: 11.06 | O98: 11.83 | Q98: 5 | T98: =IF(S98/J98=0,"-",S98/J98) -> - | U98: =IF(S98<10,O98*S98,IF(S98<15,N98*S98,IF(S98<J98,M98*S98,L98*S98))) -> 0 | V98: приём заказов приостановлен | W98: розовидный | X98: 75 | Y98: 20 | Z98: ♪ | AB98: 1944, Nichols | AC98: Цветок диаметром 20 см, оттенок белый, чуть кремово-розоватый | AD98: =IF(MOD(Таблица33[[#This Row],[Заказ корней, шт. ↓]],Таблица33[[#This Row],[Кратность заказа]])>0,"Ошибка!","")
C99: 46-38-15687 | D99: руб | F99: МЦв | G99: Moon over Barrington | I99: 3-5 | J99: 40 | K99: RUS | L99: 1010 | M99: 1038 | N99: 1058 | O99: 1131 | Q99: 5 | T99: =IF(S99/J99=0,"-",S99/J99) -> - | U99: =IF(S99<10,O99*S99,IF(S99<15,N99*S99,IF(S99<J99,M99*S99,L99*S99))) -> 0 | V99: приём заказов приостановлен | AD99: =IF(MOD(Таблица33[[#This Row],[Заказ корней, шт. ↓]],Таблица33[[#This Row],[Кратность заказа]])>0,"Ошибка!","")
C100: 87-77-1775 | D100: евро | F100: МЦв | G100: Solange | I100: 2-3 | J100: 50 | K100: EU | L100: 16.31 | M100: 16.76 | N100: 17.07 | O100: 18.26 | Q100: 5 | T100: =IF(S100/J100=0,"-",S100/J100) -> - | U100: =IF(S100<10,O100*S100,IF(S100<15,N100*S100,IF(S100<J100,M100*S100,L100*S100))) -> 0 | V100: приём заказов приостановлен | W100: махровый | X100: 80 | Y100: 15-18 | Z100: 🎶 | AC100: Медалист Американского общества пионов (APS США): 1931 года | AD100: =IF(MOD(Таблица33[[#This Row],[Заказ корней, шт. ↓]],Таблица33[[#This Row],[Кратность заказа]])>0,"Ошибка!","")
C101: 87-77-1776 | D101: евро | F101: МЦв | G101: Solange | I101: 3-5 | J101: 50 | K101: EU | L101: 20.05 | M101: 20.43 | N101: 21.01 | O101: 21.85 | Q101: 5 | T101: =IF(S101/J101=0,"-",S101/J101) -> - | U101: =IF(S101<10,O101*S101,IF(S101<15,N101*S101,IF(S101<J101,M101*S101,L101*S101))) -> 0 | V101: приём заказов приостановлен | W101: махровый | X101: 80 | Y101: 15-18 | Z101: 🎶 | AC101: Медалист Американского общества пионов (APS США): 1931 года | AD101: =IF(MOD(Таблица33[[#This Row],[Заказ корней, шт. ↓]],Таблица33[[#This Row],[Кратность заказа]])>0,"Ошибка!","")
F102: Зефирная коллекция (розовые оттенки)
F103: Сорта раннего срока цветения
C104: 87-110-0231 | D104: евро | F104: МГ | G104: Blushing Princess | I104: 3-5 | J104: 35 | K104: EU | L104: 34.78 | M104: 35.11 | N104: 35.45 | O104: 36.51 | Q104: 3 | R104: 48 | T104: =IF(S104/J104=0,"-",S104/J104) -> - | U104: =IF(S104<10,O104*S104,IF(S104<15,N104*S104,IF(S104<J104,M104*S104,L104*S104))) -> 0 | V104: в теч. 3-х дней после внесения аванса | W104: полумахровый | X104: 70-80 | Y104: 15-20 | Z104: ♪ | AB104: 1991, Saunders / Reath, США | AC104: Участвовал в создании гибрида 'Valkyrie' (согласно реестру APS) | AD104: =IF(MOD(Таблица33[[#This Row],[Заказ корней, шт. ↓]],Таблица33[[#This Row],[Кратность заказа]])>0,"Ошибка!","")
C105: 87-110-0469 | D105: евро | F105: МГ | G105: Blushing Princess | H105: 🆕 | I105: 5-8 | J105: 20 | K105: EU | L105: 58.6 | M105: 59.16 | N105: 59.73 | O105: 61.52 | Q105: 1 | T105: =IF(S105/J105=0,"-",S105/J105) -> - | U105: =IF(S105<10,O105*S105,IF(S105<15,N105*S105,IF(S105<J105,M105*S105,L105*S105))) -> 0 | V105: приём заказов приостановлен | W105: полумахровый | X105: 70-80 | Y105: 15-20 | Z105: ♪ | AB105: 1991, Saunders / Reath, США | AC105: Участвовал в создании гибрида 'Valkyrie' (согласно реестру APS) | AD105: =IF(MOD(Таблица33[[#This Row],[Заказ корней, шт. ↓]],Таблица33[[#This Row],[Кратность заказа]])>0,"Ошибка!","")
C106: 87-107-0246 | D106: евро | F106: МЦв | G106: Pecher | I106: 3-5 | J106: 50 | K106: EU | L106: 5.84 | M106: 6 | N106: 6.12 | O106: 6.54 | Q106: 5 | T106: =IF(S106/J106=0,"-",S106/J106) -> - | U106: =IF(S106<10,O106*S106,IF(S106<15,N106*S106,IF(S106<J106,M106*S106,L106*S106))) -> 0 | V106: приём заказов приостановлен | W106: махровый | X106: 60-90 | Y106: 14 | Z106: ♪ | AA106: ✂ | AB106: 1867, Jacques Calot, Франция | AC106: Козырь в стрехстадийной смене цвета | AD106: =IF(MOD(Таблица33[[#This Row],[Заказ корней, шт. ↓]],Таблица33[[#This Row],[Кратность заказа]])>0,"Ошибка!","")
C107: 87-110-0221 | D107: евро | F107: МГ | G107: Soft Salmon Saucer | I107: 3-5 | J107: 35 | K107: EU | L107: 11.83 | M107: 12.15 | N107: 12.38 | O107: 13.24 | Q107: 5 | R107: 5 | T107: =IF(S107/J107=0,"-",S107/J107) -> - | U107: =IF(S107<10,O107*S107,IF(S107<15,N107*S107,IF(S107<J107,M107*S107,L107*S107))) -> 0 | V107: в теч. 3-х дней после внесения аванса | W107: полумахровый | X107: 70-80 | Y107: 12-15 | Z107: ♪ | AC107: Чашевидная форма цветка лососево-розоватого оттенка | AD107: =IF(MOD(Таблица33[[#This Row],[Заказ корней, шт. ↓]],Таблица33[[#This Row],[Кратность заказа]])>0,"Ошибка!","")
...

Sheet Алф. указатель и усл. обознач.
B2: Виды пионов:
B3: ИТО | C3: ИТО-гибрид
B4: МГ | C4: Межвидовый гибрид
B5: МЦв | C5: Молочноцветковый
B7: Условные обозначения
B8: 💡 | C8: новинка предложения
B9: ★ | C9: топ продаж
B10: 👍 | C10: лучшая цена
B12: Алфавитный указатель
B13: Вид | C13: Cорт | D13: Цветовая коллекция
B14: МЦв | C14: Alertie | D14: Зефирная коллекция (розовые оттенки) | E14: #'2026'!G | F14: =MATCH(C14,'2026'!$G$1:$G$3087,0) -> 109 | G14: =CONCATENATE(E14,F14) -> #'2026'!G109 | H14: =HYPERLINK(G14,"показать в прайсе") -> показать в прайсе
B15: МЦв | C15: Alexander Fleming | D15: Зефирная коллекция (розовые оттенки) | E15: #'2026'!G | F15: =MATCH(C15,'2026'!$G$1:$G$3087,0) -> 111 | G15: =CONCATENATE(E15,F15) -> #'2026'!G111 | H15: =HYPERLINK(G15,"показать в прайсе") -> показать в прайсе
B16: МЦв | C16: Amalia Olson | D16: Жемчужная коллекция (белые, кремовые оттенки) | E16: #'2026'!G | F16: =MATCH(C16,'2026'!$G$1:$G$3087,0) -> 48 | G16: =CONCATENATE(E16,F16) -> #'2026'!G48 | H16: =HYPERLINK(G16,"показать в прайсе") -> показать в прайсе
B17: МЦв | C17: Angel Cheeks | D17: Зефирная коллекция (розовые оттенки) | E17: #'2026'!G | F17: =MATCH(C17,'2026'!$G$1:$G$3087,0) -> 115 | G17: =CONCATENATE(E17,F17) -> #'2026'!G115 | H17: =HYPERLINK(G17,"показать в прайсе") -> показать в прайсе
B18: МЦв | C18: Avis Varner | D18: Рубиновая коллекция (красные, бордовые, малиновые и сиреневые оттенки) | E18: #'2026'!G | F18: =MATCH(C18,'2026'!$G$1:$G$3087,0) -> 328 | G18: =CONCATENATE(E18,F18) -> #'2026'!G328 | H18: =HYPERLINK(G18,"показать в прайсе") -> показать в прайсе
B19: ИТО | C19: Bartzella | D19: Янтарная коллекция (желтые, оранжевые и коралловые оттенки) | E19: #'2026'!G | F19: =MATCH(C19,'2026'!$G$1:$G$3087,0) -> 226 | G19: =CONCATENATE(E19,F19) -> #'2026'!G226 | H19: =HYPERLINK(G19,"показать в прайсе") -> показать в прайсе
B20: МГ | C20: Belgravia | D20: Рубиновая коллекция (красные, бордовые, малиновые и сиреневые оттенки) | E20: #'2026'!G | F20: =MATCH(C20,'2026'!$G$1:$G$3087,0) -> 330 | G20: =CONCATENATE(E20,F20) -> #'2026'!G330 | H20: =HYPERLINK(G20,"показать в прайсе") -> показать в прайсе
B21: МЦв | C21: Blush Queen | D21: Акварельная коллекция (пёстрые, многоцветные оттенки) | E21: #'2026'!G | F21: =MATCH(C21,'2026'!$G$1:$G$3087,0) -> 414 | G21: =CONCATENATE(E21,F21) -> #'2026'!G414 | H21: =HYPERLINK(G21,"показать в прайсе") -> показать в прайсе
B22: МГ | C22: Blushing Princess | D22: Зефирная коллекция (розовые оттенки) | E22: #'2026'!G | F22: =MATCH(C22,'2026'!$G$1:$G$3087,0) -> 104 | G22: =CONCATENATE(E22,F22) -> #'2026'!G104 | H22: =HYPERLINK(G22,"показать в прайсе") -> показать в прайсе
B23: МЦв | C23: Bowl of Beauty | D23: Зефирная коллекция (розовые оттенки) | E23: #'2026'!G | F23: =MATCH(C23,'2026'!$G$1:$G$3087,0) -> 123 | G23: =CONCATENATE(E23,F23) -> #'2026'!G123 | H23: =HYPERLINK(G23,"показать в прайсе") -> показать в прайсе
B24: МЦв | C24: Bowl of Cream | D24: Жемчужная коллекция (белые, кремовые оттенки) | E24: #'2026'!G | F24: =MATCH(C24,'2026'!$G$1:$G$3087,0) -> 50 | G24: =CONCATENATE(E24,F24) -> #'2026'!G50 | H24: =HYPERLINK(G24,"показать в прайсе") -> показать в прайсе
B25: МЦв | C25: Bridal Shower | D25: Жемчужная коллекция (белые, кремовые оттенки) | E25: #'2026'!G | F25: =MATCH(C25,'2026'!$G$1:$G$3087,0) -> 56 | G25: =CONCATENATE(E25,F25) -> #'2026'!G56 | H25: =HYPERLINK(G25,"показать в прайсе") -> показать в прайсе
... B144: ИТО | C144: Yankee Doodle Dandy | D144: Рубиновая коллекция (красные, бордовые, малиновые и сиреневые оттенки) | E144: #'2026'!G | F144: =MATCH(C144,'2026'!$G$1:$G$3087,0) -> 391 | G144: =CONCATENATE(E144,F144) -> #'2026'!G391 | H144: =HYPERLINK(G144,"показать в прайсе") -> показать в прайсе

Sheet Условия работы
B13: ✓ | C13: Для оформления договорных документов:
B14: Индивидуальным предпринимателям: | H14: Юридическим лицам:
C15: ● Копию свидетельства ЕГРИП | H15: ● | I15: Копию Устава
C16: ● Копию ИНН | H16: ● | I16: Копию выписки из ЕГРЮЛ
C17: ● Копию паспорта | H17: ● | I17: Копию уведомления УСН или ЕНВД
C18: ● Копию уведомления УСН или ЕНВД | H18: ● | I18: Карточку с реквизитами предприятия
B20: ✓ | C20: Для обеспечения высокого сервиса обслуживания и правильного понимания Ваших потребностей:
C21: ● Заполненную Анкету клиента
B26: ✓ | C26: Заказ должен быть заполнен в форме настоящего Прайс-листа и:
C27: ● Соответствовать его требованиям к общему минимальному заказу
C28: ● Соответствовать его требованиям к минимальному заказу / кратности на сорт
B29: ✓ | C29: Бронирование заказа осуществляется исключительно после внесения аванса для бронирования
B30: ✓ | C30: Бронирование и предварительные подтверждения по заказам предоставляются до момента выпуска Производителем готовой продукции на основании его прогнозных данных. В процессе производства эти данные могут неоднократно изменяться по независящим от Производителя причинам (пример: погодные катаклизмы)
C31: ● Исходя из этой информации Вам необходимо принять решение о сроках размещения заказа:
C32: - разместить заказ заранее и иметь возможность бронирования максимально широкого ассортимента продукции, но быть готовым к тому, что информация о первоначальном подтверждении по заказу может меняться
C33: - разместить заказ ближе к дате отгрузки из доступного на тот момент стока (как правило, небольшого по ассортименту), но сразу получить более стабильное подтверждение
C34: ● Информация о возможных сроках предоставления подтверждений указывается в Прайс-листе. Она может отличаться для разных товарных позиций одного Прайс-листа.
B35: ✓ | C35: В связи с динамично меняющимися свободными остатками часть заказа или заказ полностью могут быть не подтверждены
C36: ● Чем больше времени проходит с момента выставления счета на оплату до момента поступления оплаты на наш р/счет, тем выше вероятность неподтверждений
C37: ● В случае неподтверждения заказа мы возвращаем аванс, либо, при Вашем согласии, взамен неподтвержденных сортов предлагаем замены
B38: ✓ | C38: После внесения аванса для бронирования, частичный или полный отказ от заказа по Вашей инициативе не возможны.
B42: ✓ | C42: На протяжения всего периода работы мы будем информировать Вас обо всех изменениях, связанных с исполнением заказа
B43: ✓ | C43: Информация о вместимости, количестве и габаритах тары в Прайс-листе указаны исходя из расчетных данных Производителя. По факту сборки заказа эти параметры могут быть изменены.
C44: ● Соответственно, при изменении количества тары, габаритов тары или вместимости в тару будет изменена стоимость связанных с ней услуг по доставке, хранению и прочих
C45: ● При изменениях количества тары, габаритов тары, вместимости в тару и стоимости связанных с ней услуг, образовавшихся по факту сборки заказа, Вы не вправе требовать от нас исполнения заказа основанного на расчетных данных
B46: ✓ | C46: Вам необходимо своевременно и в полном объеме производить все оплаты по заказу
C47: ● В случае нарушения сроков оплаты по заказу, предусмотренных условиями Прайс-листа, мы оставляем за собой право аннулировать Ваш заказ и направить товар в свободную продажу. Возврат внесенных по заказу авансов будет произведен в течение 10 дней после полной реализации заказа за минусом понесенных нами затрат на доставку, сборку, хранение и прочих
B48: ✓ | C48: Мы уведомим Вас о дате готовности Товара к отгрузке
C49: ● Вам будет необходимо осуществить приемку Товара оговоренным способом в срок, не превышающий 3-х рабочих дней с момента уведомления.
B50: ✓ | C50: Товары отгружаются с нашего склада на условиях самовывоза или путем доставки до терминалов ТК (ПЭК, Желдор, Вера-1) бесплатно, а также до терминала любой другой ТК на Ваш выбор согласно установленным тарифам (уточняйте у менеджеров).
C51: ● Во избежание длительного ожидания получения заказа в очереди, отгрузка товаров с нашего склада производится на основании Графика отгрузки
C52: ● Включение заказа в график отгрузки производится после полной его оплаты и, в случае необходимости доставки заказа до терминала транспортной компании, после предоставления Вами Доверенности на право передачи заказа в транспортную компанию.
C53: ● График отгрузки утверждается не позднее 14:00 дня предшествующего отгрузке. Поэтому при оплате заказа или предоставлении доверенности после 14:00 заказ может быть включен в График отгрузки не ранее, чем через один рабочий день.
B54: ✓ | C54: Мы не несем ответственности за частичную недопоставку заказа, вызванную неурожаем, либо гибелью растений по причине рисков хранения у Производителя, а также рисков связанных с изъятием сотрудниками таможни образцов товара для взятия проб в целях фитосанитарного контроля
B59: ✓ | C59: Новинка! На каждые 5 шт корней в заказе прилагается цветная этикетка с колышком - бесплатно
B60: ✓ | C60: Гарантия сохранности пионов, в случае если на момент отгрузки корней, температурный режим в вашем регионе не будет подходить для посадки
B61: ✓ | C61: Мы предоставляем эксклюзивную возможность хранения заказов на нашем складе от 3,5 до 5 месяцев
C62: ● При выборе услуги Хранения возможны отгрузки в периоды предложенные в Прайс-листе
C63: ● Выбор услуги Хранения не предполагает изменение условий и сроков оплаты заказа указанных в Прайс-листе
B68: ✓ | C68: Мы предоставляем услуги по доставке заказов:
C69: ● До адреса Покупателя (По Москве и МО)
C70: ● До терминала любой транспортной компании: - бесплатно до ТК: ПЭК, Желдор, Вера-1.
C71: - согласно установленным тарифам: до терминала любой другой ТК на Ваш выбор.
B72: ✓ | C72: Вы самостоятельно выбираете транспортную компанию, определяете условия доставки заказа транспортной компанией в пункт назначения и направляете нам четкое задание на передачу груза в форме Доверенности
C73: ● Мы осуществляем передачу товара в транспортную компанию строго в соответствии с требованиями, указанными Вами в бланке доверенности
C74: ● Право собственности на Товар и риск случайной гибели переходят к Вам с момента передачи нами Товара в транспортную компанию
C75: ● Мы не несем ответственности за потерю качества товара в период его доставки транспортной компанией
B80: ✓ | C80: Если мы передаем Товар, собранный в закрытую тару (в упаковке Производителя) или Вы физически не имеете возможности произвести детальную приемку Товара при его отгрузке, то имеете право в течение 3-х рабочих дней с момента получения Товара, сообщить нам об обнаруженных недостатках путем предъявления претензии
C81: ● Претензия должна быть составлена в письменном виде по установленной нами форме. Шаблон формы претензии мы высылаем по запросу
B82: ✓ | C82: Мы принимаем к рассмотрению претензии:
C83: ● только подтвержденные фотографиями каждой единицы Товара и тары
C84: ● к качеству и/или количеству поставленного товара по его состоянию на момент получения и не принимаем и не рассматриваем претензии к гибели товара случившейся в процессе Вашей производственной деятельности по выращиванию/доращиванию готовой продукции (исключения составляют претензии к пересорту, которые можно выявить только на определенных этапах роста растений).
C85: ● если совокупная сумма в ней по качеству и количеству, превышает:
C86: - 4% от общей суммы поставленной партии Товара при заказе до 4500 евро / до 300 000 руб
C87: - 3% от общей суммы поставленной партии Товара при заказе от 4501 до 10000 евро / от 300 001 до 700 000 руб
C88: - 2% от общей суммы поставленной партии Товара при заказе свыше 10000 евро / свыше 700 000 руб от общей суммы поставленной партии Товара
C89: ● при предоставлении документов, подтверждающих перевозку с соблюдением необходимого температурного режима (при нахождении товара в пути более 4-х суток)
C90: ● при соблюдении Вами сроков получения Товара с нашего склада
B91: ✓ | C91: Мы обязаны рассмотреть претензию в течение 30 рабочих дней с момента ее получения. В случае, если рассмотрение претензии зависит от решения сторонних организаций (производителя Товара, транспортной компании и т.п.) срок рассмотрения претензии может быть увеличен
C92: ● в случае принятия претензии на бракованный товар, Вам необходимо будет произвести его возврат в наш адрес за свой счет в течение 14 календарных дней с момента принятия претензии, если не будут согласованы иные способы решения
C93: ● в случае удовлетворения претензии производителем на Товар, стоимость которого была рассчитана путем калькуляции стоимости растений и стоимости доставки, мы произведем компенсацию только стоимость растений, без учёта доставки и прочих накладных расходов
B98: ✓ | C98: Понедельник - пятница с 9:00 до 18:00
B100: Политика в отношении обработки и защиты персональных данных
B101: ✓ | C101: Настоящим Покупатель подтверждает, что до направления заявки или совершения оплаты он в полном объёме ознакомился с Политикой в отношении обработки и защиты персональных данных Оператора, размещённой по адресу https://plantmarket.ru/politika-konfidentsialnosti/, а также с формой Согласия на обработку персональных данных, размещённой по адресу https://plantmarket.ru/soglasie-na-obrabotku-pdn. Направление заявки или совершение оплаты по настоящему прайс-листу является конклюдентным действием, выражающим свободное, конкретное, информированное, сознательное и однозначное согласие Покупателя на обработку его персональных данных на условиях, указанных в форме Согласия. Покупатель осознаёт объём, цели, способы обработки и правовые последствия дачи согласия

Sheet FuzzyLookup_AddIn_Undo_Sheet
A1: Артикул номенклатуры | B1: Товарная категория (Растения) | C1: Род на латыни (Растения) | D1: Род растения (Растения) | E1: Вид на латыни (Растения) | F1: Вид растения (Растения) | G1: Сорт на латыни (Растения) | H1: Сорт растения (Растения) | M1: Сорт на латыни (Растения)
A2: НВНБ-0000001 | B2: Многолетние растения, травы, злаки | C2: Iris | D2: Ирис | E2: sibirica | F2: сибирский | G2: Ama No Hana | M2: Adolphe Rousseau
A3: НВНБ-0000002 | B3: Многолетние растения, травы, злаки | C3: Iris | D3: Ирис | E3: louis | F3: луизианский | G3: Andy Dandy | M3: Alba Plena
A4: 4-10-44-3-1 | B4: Многолетние растения, травы, злаки | C4: Iris | D4: Ирис | E4: louis | F4: луизианский | G4: Ann Chowning | M4: Albert Crousse
A5: 4-10-44-1-1 | B5: Многолетние растения, травы, злаки | C5: Iris | D5: Ирис | E5: germanica | F5: германский | G5: Beverly Sills | M5: Alertie
A6: 4-10-44-3-2 | B6: Многолетние растения, травы, злаки | C6: Iris | D6: Ирис | E6: louis | F6: луизианский | G6: Black Gamecock | M6: Alexander Fleming
A7: НВНБ-0000003 | B7: Многолетние растения, травы, злаки | C7: Iris | D7: Ирис | E7: ensata | F7: мечевидный | G7: Blueberry Pie | M7: Alice Harding
A8: 4-10-44-5-1 | B8: Многолетние растения, травы, злаки | C8: Iris | D8: Ирис | E8: sibirica | F8: сибирский | G8: Bundle Of Joy | M8: All That Jazz
A9: 4-10-44-2-1 | B9: Многолетние растения, травы, злаки | C9: Iris | D9: Ирис | E9: pumila | F9: карликовый | G9: Cherry Garden | M9: Allan Rogers
A10: 2-10-71-9-17 | B10: Многолетние растения, травы, злаки | C10: Iris | D10: Ирис | E10: sibirica | F10: сибирский | G10: Concord Crush | M10: Allegro
A11: 2-10-71-9-18 | B11: Многолетние растения, травы, злаки | C11: Iris | D11: Ирис | E11: sibirica | F11: сибирский | G11: Contrast in Styles | M11: Amabilis
A12: 2-10-71-9-19 | B12: Многолетние растения, травы, злаки | C12: Iris | D12: Ирис | E12: sibirica | F12: сибирский | G12: Dance Ballerina Dance | M12: Amalia Olson
A13: 4-10-44-4-1 | B13: Многолетние растения, травы, злаки | C13: Iris | D13: Ирис | E13: ensata | F13: мечевидный | G13: Greywoods Catrina | M13: America
... A346: 4-17-43-5-7 | B346: Пионы | C346: Paeonia | D346: Пион | E346: rockii-hybrid | F346: роки-гибрид | G346: Sweet Magic=Jing Hong Fei He | M346: Yoshinogawa
A347: 2-17-129-5-154 | B347: Пионы | C347: Paeonia | D347: Пион | E347: lactIflora | F347: молочноцветковый | G347: Sweet Sixteen
A348: 2-17-129-5-155 | B348: Пионы | C348: Paeonia | D348: Пион | E348: lactIflora | F348: молочноцветковый | G348: Sword Dance
A349: НВНБ-0000094 | B349: Пионы | C349: Paeonia | D349: Пион | E349: suffruticosa | F349: древовидный | G349: Symphony
A350: НВНБ-0000095 | B350: Пионы | C350: Paeonia | D350: Пион | E350: suffruticosa | F350: древовидный | G350: Tabledancer
A351: НВНБ-0000096 | B351: Пионы | C351: Paeonia | D351: Пион | E351: suffruticosa | F351: древовидный | G351: Taiyou
A352: 2-17-129-5-157 | B352: Пионы | C352: Paeonia | D352: Пион | E352: lactIflora | F352: молочноцветковый | G352: The Fawn
A353: 2-17-129-5-158 | B353: Пионы | C353: Paeonia | D353: Пион | E353: lactIflora | F353: молочноцветковый | G353: Tom Cat
A354: 4-17-43-3-46 | B354: Пионы | C354: Paeonia | D354: Пион | E354: lactIflora | F354: молочноцветковый | G354: Top Brass
A355: НВНБ-0000097 | B355: Пионы | C355: Paeonia | D355: Пион | E355: lactIflora | F355: молочноцветковый | G355: Top Hat
A356: 4-17-43-2-28 | B356: Пионы | C356: Paeonia | D356: Пион | E356: hybrid | F356: межвидовой гибрид | G356: Vanilla Schnapps
A357: НВНБ-0000098 | B357: Пионы | C357: Paeonia | D357: Пион | E357: suffruticosa | F357: древовидный | G357: Velvet Ruby
A358: 4-17-43-3-47 | B358: Пионы | C358: Paeonia | D358: Пион | E358: lactIflora | F358: молочноцветковый | G358: Victoire de la Marne
... A375: НВНБ-0000102 | B375: Пионы | C375: Paeonia | D375: Пион | E375: suffruticosa | F375: древовидный | G375: Yoshinogawa
A376: НВНБ-0000103 | B376: Пионы | C376: Paeonia | D376: Пион | E376: in sort | F376: в ассортименте
